Map: Kairos Junction LE

Players

BadFaith - Winner!

  • Race: Zerg Zerg
  • League: Platinum
  • Spawn Location: 5:00

Hess

  • Race: Zerg Zerg
  • League: Platinum
  • Spawn Location: 11:00

VOD

Have the link to the VOD?

Description

Time

  • Played on: Dec. 13, 2018, 9:55 a.m.
  • Length: 3:56
Show
View Real Time Build Order
Export as new Build Order

BadFaith Zerg - Winner!

Build Orders: Hatch First 

Get SALT Encoding   

  12  0:01  Drone  
  13  0:12  Overlord  
  13  0:17  Drone  
  14  0:30  Drone x2  
  14  0:34  Drone  
  17  0:54  Hatchery  
  17  0:56  Drone  
  17  1:00  Extractor  
  17  1:01  Drone  
  17  1:15  Spawning Pool  
  16  1:19  Drone  
  16  1:23  Drone  
  18  1:27  Drone  
  19  1:38  Drone  
  20  1:49  Overlord  
  20  2:00  Drone  
  21  2:01  Metabolic Boost  
  21  2:05  Queen  
  21  2:07  Zergling x2  
  24  2:11  Queen  
  24  2:14  Zergling x2  
  27  2:19  Zergling x2  
  28  2:26  Baneling Nest  
  28  2:28  Zergling x2  
  28  2:31  Zergling x2  
  28  2:36  Zergling x2  
  30  2:40  Overlord  
  30  2:50  Zergling x2  
  30  2:51  Zergling x2  
  32  2:57  Zergling x2  
  33  3:05  Zergling x2  
  33  3:06  Zergling x2  
  35  3:17  Zergling x10  
  40  3:26  Baneling  
  40  3:27  Baneling x6  
  40  3:30  Zergling x2  
  40  3:31  Zergling x4  
  43  3:36  Overlord  
Show
View Real Time Build Order
Export as new Build Order

Hess Zerg 

Build Orders: Pool First 

Get SALT Encoding   

  12  0:02  Drone  
  13  0:14  Overlord  
  13  0:17  Drone  
  14  0:33  Drone  
  15  0:44  Drone  
  15  0:45  Drone  
  17  0:50  Spawning Pool  
  17  0:51  Drone  
  17  0:57  Extractor  
  17  0:58  Drone  
  17  1:09  Drone  
  18  1:28  Hatchery  
  18  1:30  Drone  
  18  1:38  Queen  
  20  1:47  Drone x2  
  22  2:03  Roach Warren  
  22  2:04  Extractor  
  22  2:05  Metabolic Boost  
  20  2:25  Zergling x2  
  20  2:26  Zergling x2  
  20  2:27  Overlord  
  22  2:45  Lair  
  22  2:47  Zergling x2  
  22  2:48  Zergling x8  
  27  3:00  Drone  
  27  3:01  Roach  
  30  3:13  Roach x2  
  34  3:27  Roach  
Tags
 
Add a new tag
Caveats
  • Supply blocks, unpowered buildings, or Contaminate may cause inaccurate times.
  • Supply counts are checked every 10 seconds.